 Dungeon Crawl Stone Soup version 0.22.1-2-g9c5b331 (webtiles) character file.

222 Goblin1989 the Covert (level 5, -2/34 HPs)
             Began as an Octopode Assassin on Dec 26, 2018.
             Slain by Ijyb
             ... wielding a +5 club
              (9 damage)
             ... on level 3 of the Dungeon.
             The game lasted 00:05:01 (3163 turns).

Goblin1989 the Covert (Octopode Assassin)           Turns: 3163, Time: 00:05:03

Health: -2/34      AC:  1    Str: 10    XL:     5   Next: 99%
Magic:  5/5        EV: 13    Int: 14    God:
Gold:   132        SH:  0    Dex: 14    Spells: 4/4 levels left

rFire    . . .     SeeInvis .   a - +2 dagger
rCold    . . .     Gourm    .   (no shield)
rNeg     . . .     Faith    .   (helmet restricted)
rPois    .         Spirit   .   (no amulet)
rElec    .         Reflect  .   (no ring)
rCorr    .         Harm     .   (no ring)
MR       .....                  (no ring)
Stlth    +++++.....             (no ring)
HPRegen  0.11/turn              (no ring)
MPRegen  0.09/turn              (no ring)
                                (no ring)
                                (no ring)

@: no status effects
A: almost no armour, stealthy swim, amphibious, 8 rings, constrict 8, camouflage
1, gelatinous body 1
a: no special abilities


You were on level 3 of the Dungeon.
You were not hungry.

You visited 1 branch of the dungeon, and saw 3 of its levels.

You collected 132 gold pieces.

Inventory:

Hand Weapons
 a - a +2 dagger (weapon)
 w - a +0 blowgun {@w1}
 O - a cursed +0 hunting sling
 S - a +0 hand axe of chopping
Missiles
 c - 8 poisoned needles
 d - 2 curare-tipped needles
 z - 49 arrows
 C - 112 stones (quivered) {@Q3}
 D - 8 sling bullets
 E - 3 tomahawks
 T - 19 bolts
Scrolls
 x - 2 scrolls of teleportation {unknown}
 y - a scroll of fog {unknown}
 F - 3 scrolls of identify {unknown}
 G - a scroll of random uselessness {unknown}
 H - 4 scrolls of enchant weapon {unknown}
 I - a scroll of magic mapping {unknown}
 J - 2 scrolls of remove curse {unknown}
 K - a scroll of noise {unknown}
 M - a scroll of blinking {unknown}
 N - a scroll of amnesia {unknown}
 X - a scroll of enchant armour {unknown}
Potions
 s - 2 potions of heal wounds {unknown}
 t - a potion of mutation {unknown}
 v - 2 potions of resistance {unknown}
 A - 2 potions of brilliance {unknown}
 B - a potion of curing {unknown}
 P - a potion of cancellation {unknown}
 Q - a potion of flight {unknown}
 U - a potion of invisibility {unknown}
 V - a potion of lignification {unknown}
Comestibles
 e - 7 rations
 W - 3 chunks of flesh


   Skills:
 - Level 2.0 Fighting
 - Level 2.0 Short Blades
 - Level 2.0 Throwing
 - Level 1.0 Dodging
 + Level 9.7 Stealth


You had 4 spell levels left.
You didn't know any spells.
Your spell library was empty.

Dungeon Overview and Level Annotations

Branches:
Dungeon (3/15)

Altars:
Ashenzari

Annotations:
D:3 Ijyb


Innate Abilities, Weirdness & Mutations

You cannot wear most types of armour.
You are very stealthy in the water. (Stealth+)
You are amphibious.
You can wear up to eight rings at the same time.
You can use your tentacles to constrict eight enemies at once.
Your skin changes colour to match your surroundings (Stealth+).
Your rubbery body absorbs attacks. (AC +1, EV +1)


Message History

A hobgoblin is nearby!
You see here a bat corpse.
The hobgoblin shouts!
You hit the hobgoblin. You grab the hobgoblin.
The hobgoblin is moderately wounded.
You constrict the hobgoblin. The hobgoblin closely misses you.
You hit the hobgoblin.
You kill the hobgoblin!
No target in view!
No target in view!
No target in view!
No target in view!
No target in view!
No target in view!
No target in view!
No target in view!
No target in view!
No target in view!
No target in view!
No target in view!
No target in view!
No target in view!
No target in view!
No target in view!
No target in view!
Key pressed, stopping explore.
Key pressed, stopping explore.
C - 90 stones {@Q3} (gained 1)
You butcher the bat corpse.
W - a chunk of flesh Health restored: 34 Eating a chunk of flesh.
You eat the chunk of flesh.
This raw flesh tastes terrible.
z - 49 arrows (gained 22)
You butcher the hobgoblin corpse.
W - 2 chunks of flesh
Things that are here:
a club; a hobgoblin skeleton
Things that are here:
a club; a hobgoblin skeleton Unknown command.
Found a stone staircase leading down.
You see here a frilled lizard corpse.
You butcher the frilled lizard corpse.
W - 3 chunks of flesh (gained 1)
Things that are here:
a club; a hobgoblin skeleton You see here a kobold corpse.
C - 111 stones {@Q3} (gained 21)
F - 3 scrolls labeled YCEMPIMONO (gained 1)
C - 112 stones {@Q3} (gained 1)
X - a scroll labeled ERHUKA KEPOU You now have 132 gold pieces (gained 11).
A hobgoblin comes into view.
A hobgoblin is nearby!
A jackal and Ijyb come into view.
Unknown command.
The hobgoblin shouts!
The jackal barks!
You hear a bark!
Ijyb shouts!
The hobgoblin closely misses you.
A jackal comes into view.
You hit the hobgoblin. Your grab misses the hobgoblin.
Your squeeze misses the hobgoblin.
The hobgoblin is heavily wounded.
The hobgoblin hits you.
Ijyb zaps a wand.
The puff of flame hits you!
It is a wand of flame (43).
You take 8 damage, and have 26/34 hp.
MASSIVE DAMAGE!!
You closely miss the hobgoblin. You grab the hobgoblin.
The hobgoblin is heavily wounded.
You constrict the hobgoblin. The hobgoblin hits you.
You take 3 damage, and have 23/34 hp.
You hit the hobgoblin but do no damage. You squeeze the hobgoblin.
You kill the hobgoblin!
Ijyb hits you with an enchanted club.
You take 1 damage, and have 22/34 hp.
You hit Ijyb. You grab Ijyb.
Ijyb is lightly wounded.
You constrict Ijyb. The jackal bites you. Ijyb misses you.
You hit Ijyb.
Ijyb is moderately wounded.
You constrict Ijyb, but do no damage.
The jackal bites you but does no damage.
A rat comes into view.
The jackal barely misses you.
You hit Ijyb. You squeeze Ijyb, but do no damage.
Ijyb is heavily wounded.
You constrict Ijyb.
Ijyb drinks a potion.
Ijyb goes berserk!
The jackal bites you. The jackal barely misses you.
You take 3 damage, and have 19/34 hp.
You are too injured to fight recklessly!
You are too injured to fight recklessly!
You are too injured to fight recklessly!
You are too injured to fight recklessly!
You hit Ijyb but do no damage.
Ijyb is heavily wounded.
You constrict Ijyb. Ijyb hits you with an enchanted club!
* * * LOW HITPOINT WARNING * * *
The jackal bites you.
* * * LOW HITPOINT WARNING * * *
The jackal barely misses you. Ijyb hits you with an enchanted club!
You die...

██.█ █... ..
.[.█████████... ..
.>.......)..... █.
█......████†...
█.███..... █....
█.█...... █.███
█.█.█.█████████.███
.█████h█.█..............
......g@.............███
....██h█████████████.█ .
██ █.█ █.█ █.█ █.█ ███


You could see Ijyb (berserk) and 2 jackals.

Vanquished Creatures
  An orc priest (D:3)
  3 orc wizards (D:3)
  3 adders
  A worm (D:2)
  2 dart slugs
  4 orcs (D:3)
  A ball python (D:2)
  9 bats
  5 giant cockroaches
  5 goblins
  11 hobgoblins
  7 jackals
  8 kobolds
  A quokka (D:2)
  2 frilled lizards
  7 rats
70 creatures vanquished.

Notes
Turn   | Place    | Note
-------+----------+-------------------------------------------
     0 | D:1      | Goblin1989 the Octopode Assassin began the quest for the
                  | Orb.
     0 | D:1      | Reached XP level 1. HP: 14/14 MP: 1/1
   369 | D:1      | Reached skill level 6 in Stealth
   369 | D:1      | Reached XP level 2. HP: 13/19 MP: 2/2
  1058 | D:2      | Reached XP level 3. HP: 20/24 MP: 3/3
  1330 | D:2      | Reached skill level 7 in Stealth
  1784 | D:2      | Reached XP level 4. HP: 28/29 MP: 4/4
  2251 | D:3      | Reached skill level 8 in Stealth
  2264 | D:3      | Reached XP level 5. HP: 25/34 MP: 5/5
  2400 | D:3      | Reached skill level 9 in Stealth
  2642 | D:3      | Found a shattered altar of Ashenzari.
  3154 | D:3      | Noticed Ijyb
  3163 | D:3      | Slain by Ijyb

Skill      XL: |  1  2  3  4  5 |
---------------+----------------+-----
Stealth        | 6 7 8 9 |  9.7
Fighting       | |  2.0
Short Blades   | |  2.0
Throwing       | |  2.0
Dodging        | |  1.0

Action                   |  1- 3 |  4- 6 || total
-------------------------+-------+-------++-------
Melee: Dagger            |    65 |    92 ||   157
       Tentacles         |    12 |    16 ||    28
       Constrict         |    18 |    24 ||    42
 Stab: Sleeping          |    13 |     5 ||    18
       Distracted        |       |     1 ||     1
  Eat: Chunk             |     2 |     5 ||     7
Armor: Skin              |     7 |    10 ||    17
Dodge: Dodged            |    32 |    49 ||    81

Vault maps used:
D:1:      lemuel_arrival_muddy, minmay_tetromino_s2
D:2:      first_ration
D:3:      ashenzari_conservatory_becter, nemelex_xobeh_ov_fountains_minmay,
          uniq_ijyb
